Map: Crête de Lerilak

Players

고환 - Winner!

  • Race: Zerg Zerg

AgCl

  • Race: Protoss Protoss

VOD

Have the link to the VOD?

Description

Time

  • Played on: May 5, 2015, 5:57 a.m.
  • Length: 27:26
Show
View Real Time Build Order
Export as new Build Order

고환 Zerg - Winner!

Build Orders: Hatch First 

Get SALT Encoding   

  12  0:01  Drone  
  13  0:08  Drone  
  14  0:33  Hatchery  
  13  0:37  Drone  
  14  0:54  Spawning Pool  
  13  1:00  Overlord  
  13  1:04  Drone  
  14  1:19  Drone  
  14  1:20  Drone  
  14  1:25  Drone  
  17  1:34  Drone  
  18  1:48  Queen  
  18  1:49  Queen  
  18  1:51  Drone  
  18  1:52  Drone  
  24  1:57  Zergling x2  
  25  2:09  Overlord x2  
  25  2:15  Drone  
  26  2:19  Drone x2  
  28  2:30  Drone x2  
  30  2:40  Drone  
  30  2:41  Drone  
  30  2:42  Queen  
  34  2:52  Drone  
  34  2:54  Drone  
  36  2:59  Drone  
  36  3:00  Drone x7  
  44  3:05  Extractor  
  44  3:06  Extractor  
  44  3:08  Drone  
  44  3:09  Spine Crawler  
  42  3:15  Overlord, Spine Crawler  
  42  3:17  Overlord  
  41  3:30  Drone  
  41  3:34  Drone  
  41  3:35  Drone x8  
  50  3:41  Extractor x2  
  50  3:42  Queen  
  50  3:44  Drone  
  51  3:52  Evolution Chamber  
  51  3:53  Evolution Chamber  
  49  4:00  Lair  
  49  4:11  Drone x6  
  49  4:12  Drone  
  56  4:24  Metabolic Boost  
  56  4:27  Hatchery  
  56  4:30  Zerg Ground Armor Level 1  
  55  4:42  Zerg Melee Weapons Level 1  
  56  4:50  Zergling x8  
  56  4:51  Overlord  
  56  4:52  Overlord  
  60  4:54  Hatchery, Overlord  
  60  4:59  Spore Crawler  
  58  5:00  Spore Crawler, Infestation Pit  
  58  5:04  Drone x2  
  58  5:12  Zergling x10  
  63  5:17  Queen  
  65  5:21  Overseer  
  65  5:30  Zergling x2  
  65  5:31  Zergling x12  
  72  5:42  Hive  
  70  6:02  Queen  
  70  6:03  Drone x4  
  70  6:04  Drone x6  
  82  6:17  Drone  
  82  6:18  Drone x4  
  87  6:19  Spore Crawler, Spine Crawler  
  84  6:36  Zerg Ground Armor Level 2  
  84  6:37  Zerg Melee Weapons Level 2  
  84  6:39  Drone x8  
  88  6:40  Drone  
  85  7:00  Extractor  
  85  7:01  Extractor  
  83  7:02  Spine Crawler x2  
  81  7:13  Queen  
  83  7:15  Hatchery, Adrenal Glands  
  83  7:20  Hatchery  
  83  7:21  Ultralisk Cavern  
  83  7:22  Drone x3  
  83  7:24  Hydralisk Den  
  82  7:36  Drone x3  
  85  7:42  Pathogen Glands  
  85  7:45  Burrow, Zergling x2  
  85  7:46  Zergling x8  
  85  7:48  Overlord x4  
  90  8:06  Queen x2  
  94  8:14  Chitinous Plating  
  94  8:16  Ultralisk x3  
  94  8:18  Zergling x2  
  94  8:19  Zergling x10  
  117  8:48  Zergling x2  
  117  8:49  Zergling x30  
  133  8:57  Spire  
  132  9:05  Spore Crawler x2  
  132  9:06  Spore Crawler  
  132  9:07  Spore Crawler  
  132  9:08  Spore Crawler  
  127  9:14  Zerg Melee Weapons Level 3  
  127  9:20  Ultralisk  
  133  9:43  Overlord x3  
  133  9:44  Overlord x5  
  129  9:51  Zergling x2  
  129  9:52  Zergling x8  
  108  10:12  Zerg Flyer Weapons Level 1, Viper x5  
  122  10:17  Zergling x2  
  122  10:18  Zergling x34  
  122  10:19  Zergling x2  
  140  10:24  Corruptor  
  124  11:00  Corruptor  
  124  11:01  Corruptor x8  
  142  11:22  Corruptor  
  142  11:23  Corruptor x4  
  152  11:37  Corruptor x3  
  122  12:12  Drone  
  122  12:13  Drone x21  
  144  12:40  Zerg Ground Armor Level 3  
  144  12:43  Hatchery  
  143  12:48  Extractor  
  142  13:00  Extractor x2  
  140  13:12  Greater Spire  
  140  13:23  Spore Crawler  
  139  13:28  Spore Crawler  
  139  13:30  Spine Crawler x2  
  139  13:31  Spine Crawler  
  135  14:17  Spore Crawler  
  134  14:19  Spine Crawler  
  134  14:20  Spine Crawler  
  132  14:53  Infestor x8  
  148  15:02  Extractor  
  148  15:04  Extractor  
  146  15:13  Lurker Den  
  146  15:51  Hatchery  
  146  15:56  Overlord x3  
  145  18:01  Brood Lord  
  145  18:02  Brood Lord x16  
  179  18:39  Ultralisk x2  
  179  18:40  Ultralisk  
  197  18:42  Zergling x6  
  200  18:55  Nydus Network  
  199  20:57  Extractor  
  199  21:01  Extractor  
  197  21:54  Swarm Host  
  200  23:01  Muscular Augments  
  200  23:02  Zerg Missile Weapons Level 1  
  200  23:15  Zerg Flyer Weapons Level 2  
  200  23:17  Overseer  
  200  23:18  Overseer x9  
  200  23:23  Overseer x6  
  200  23:33  Overlord  
  200  23:34  Overlord x29  
  200  23:35  Overlord x5  
  200  23:58  Pneumatized Carapace  
  200  24:01  Overseer x10  
  200  24:02  Overseer x20  
  200  24:03  Overseer x5  
  200  24:29  Hatchery  
  199  24:45  Overlord x13  
  199  24:46  Overlord x4  
  199  24:48  Overlord x11  
  199  24:49  Overlord x27  
  199  24:50  Overlord x28  
  199  24:51  Overlord x10  
  199  25:18  Overseer x8  
  199  25:19  Overseer x6  
  199  25:22  Overseer x5  
  199  25:31  Zerg Flyer Armor Level 1  
  199  25:57  Overlord x12  
  199  25:58  Overlord x18  
  199  25:59  Overlord x16  
  199  26:19  Overlord x2  
  199  26:20  Overlord x9  
  199  26:38  Overlord  
  199  26:39  Overlord x14  
  199  27:00  Overseer  
  199  27:01  Overseer x14  
  199  27:02  Overseer  
Show
View Real Time Build Order
Export as new Build Order

AgCl Protoss 

Build Orders:  

Get SALT Encoding   

  12  0:03  Probe  
  13  0:22  Probe  
  13  0:25  Pylon  
  14  0:28  Assimilator  
  14  0:43  Probe  
  15  0:56  Probe (Chrono Boost)  
  16  1:06  Probe (Chrono Boost)  
  17  1:24  Nexus  
  17  1:30  Probe  
  18  1:35  Assimilator  
  18  1:43  Probe (Chrono Boost)  
  19  1:48  Forge  
  19  1:50  Gateway  
  19  1:55  Probe (Chrono Boost)  
  20  2:04  Probe (Chrono Boost)  
  21  2:12  Probe (Chrono Boost)  
  22  2:23  Pylon  
  23  2:39  Probe (Chrono Boost)  
  23  2:40  Probe (Chrono Boost)  
  23  2:45  Cybernetics Core  
  23  2:49  Pylon  
  23  2:51  Probe (Chrono Boost), Assimilator  
  25  2:54  Probe (Chrono Boost)  
  25  2:57  Zealot  
  27  3:02  Probe (Chrono Boost)  
  27  3:05  Probe (Chrono Boost)  
  29  3:10  Probe (Chrono Boost)  
  30  3:19  Probe x2 (Chrono Boost)  
  32  3:26  Probe (Chrono Boost)  
  31  3:37  Probe (Chrono Boost)  
  33  3:42  Probe (Chrono Boost)  
  33  3:47  Warp Gate (Chrono Boost), Assimilator  
  35  3:48  Mothership Core (Chrono Boost)  
  35  3:53  Probe (Chrono Boost)  
  36  3:59  Stargate  
  36  4:04  Probe (Chrono Boost)  
  36  4:08  Probe (Chrono Boost)  
  38  4:14  Probe (Chrono Boost)  
  39  4:19  Probe (Chrono Boost)  
  39  4:22  Probe (Chrono Boost)  
  41  4:27  Nexus  
  41  4:30  Probe (Chrono Boost)  
  43  4:31  Gateway  
  43  4:32  Probe (Chrono Boost)  
  43  4:36  Gateway  
  43  4:37  Probe (Chrono Boost)  
  44  4:39  Probe  
  45  4:45  Oracle (Chrono Boost)  
  45  4:50  Probe (Chrono Boost)  
  50  4:52  Probe (Chrono Boost)  
  50  5:04  Probe (Chrono Boost)  
  50  5:05  Probe (Chrono Boost)  
  52  5:16  Pylon  
  52  5:25  Fleet Beacon  
  52  5:28  Assimilator  
  52  5:30  Pylon  
  52  5:32  Protoss Ground Weapons Level 1  
  52  5:34  Probe x2  
  54  5:36  Void Ray (Chrono Boost)  
  54  5:37  Protoss Air Weapons Level 1 (Chrono Boost)  
  54  5:40  Probe  
  59  5:46  Probe x2  
  61  5:52  Probe  
  61  5:56  Pylon  
  59  5:57  Carrier (Chrono Boost)  
  59  5:58  Probe x2  
  59  6:00  Photon Cannon  
  59  6:02  Photon Cannon  
  61  6:05  Probe (Chrono Boost)  
  61  6:10  Photon Cannon  
  64  6:13  Pylon  
  64  6:14  Probe (Chrono Boost)  
  63  6:25  Probe (Chrono Boost)  
  70  6:31  Probe  
  70  6:32  Probe  
  72  6:35  Probe  
  72  6:38  Sentry  
  72  6:39  Sentry, Zealot  
  79  6:46  Probe (Chrono Boost)  
  80  6:50  Photon Cannon  
  80  6:52  Pylon  
  81  6:54  Probe (Chrono Boost)  
  81  6:58  Twilight Council  
  81  6:59  Carrier (Chrono Boost)  
  81  7:04  Probe (Chrono Boost), Stargate, Assimilator  
  81  7:05  Pylon  
  81  7:08  Graviton Catapult  
  82  7:10  Probe (Chrono Boost)  
  91  7:16  Probe (Chrono Boost)  
  91  7:18  Probe (Chrono Boost)  
  91  7:21  Probe (Chrono Boost)  
  92  7:29  Robotics Facility  
  92  7:31  Stargate  
  92  7:32  Pylon  
  92  7:33  Probe  
  93  7:40  Carrier (Chrono Boost)  
  93  7:41  Templar Archives  
  93  7:42  Charge (Chrono Boost)  
  93  7:43  Pylon  
  99  7:56  Probe  
  104  8:05  Void Ray (Chrono Boost)  
  104  8:11  Dark Shrine  
  104  8:12  Photon Cannon  
  104  8:13  Pylon  
  104  8:14  Carrier (Chrono Boost)  
  104  8:29  Nexus  
  104  8:31  Observer (Chrono Boost), Pylon  
  111  8:39  Psionic Storm  
  111  8:45  Observer (Chrono Boost)  
  112  9:06  Warp Prism  
  114  9:10  Photon Cannon  
  114  9:13  High Templar x2  
  114  9:14  Assimilator  
  118  9:18  Assimilator  
  118  9:19  Gateway  
  118  9:22  Pylon  
  118  9:23  Pylon  
  118  9:24  Gateway  
  118  9:25  Pylon  
  118  9:26  Pylon  
  118  9:34  Pylon  
  95  9:46  Dark Templar x2  
  72  10:18  Carrier (Chrono Boost)  
  72  10:19  Dark Templar  
  50  10:27  Zealot  
  48  10:29  Probe (Chrono Boost)  
  60  10:43  Probe (Chrono Boost)  
  60  10:46  Probe (Chrono Boost)  
  62  10:54  Probe (Chrono Boost)  
  62  10:55  Probe (Chrono Boost)  
  64  11:00  Probe (Chrono Boost)  
  64  11:07  Zealot  
  64  11:08  Zealot  
Tags
 
Add a new tag
Caveats
  • Supply blocks, unpowered buildings, or Contaminate may cause inaccurate times.
  • Supply counts are checked every 10 seconds.